 Dungeon Crawl Stone Soup version 0.19.5 (webtiles) character file.

143 tricornhat the Magician (level 5, -8/36 HPs)
             Began as a Demonspawn Ice Elementalist on Apr 22, 2017.
             Killed by divine providence
             ... invoked by an orc priest
              (13 damage)
             ... on level 4 of the Dungeon.
             The game lasted 00:21:33 (3804 turns).

tricornhat the Magician (DsIE)                      Turns: 3804, Time: 00:21:34

Health: -8/36      AC:  4    Str:  9    XL:     5   Next: 4%
Magic:  9/10       EV: 12    Int: 17    God:
Gold:   139        SH:  0    Dex: 13    Spells: 2 memorised, 8 levels left

rFire  + . .     SeeInvis .     u - +0 dagger
rCold  . . .     Gourm    .     a - +0 robe
rNeg   . . .     Faith    .     (no shield)
rPois  +         Spirit   .     (no helmet)
rElec  .         Reflect  .     (no cloak)
rCorr  +         Harm     .     (no gloves)
MR     .....                    (no boots)
Stlth  ++........               (no amulet)
                                n - ring of resist corrosion
                                k - ring of poison resistance

@: no status effects
A: icy blue scales 1, fire resistance 1
a: no special abilities


You were on level 4 of the Dungeon.
You were very hungry.

You visited 1 branch of the dungeon, and saw 4 of its levels.

You collected 139 gold pieces.

Inventory:

Hand Weapons
 u - a +0 dagger (weapon)
Armour
 a - a +0 robe (worn)
Jewellery
 k - a ring of poison resistance (left hand)
 n - a ring of resist corrosion (right hand)
 p - an uncursed ring of fire
Wands
 s - a wand of teleportation (2/9)
 v - a wand of iceblast (1/15)
Scrolls
 f - a scroll of remove curse {unknown}
 g - a scroll of recharging {unknown}
 q - 4 scrolls of teleportation {unknown}
 w - a scroll of blinking {unknown}
Potions
 e - 2 potions of might {unknown}
 h - a potion of magic {unknown}
 i - a potion of beneficial mutation {unknown}
 j - a potion of flight {unknown}
 l - a potion of agility
 o - 3 potions of curing {unknown}
 t - a potion of cancellation {unknown}
Books
 b - a book of Frost

   Spells                             Type                      Level
   a - Freeze                         Ice                          1
   b - Throw Frost                    Conjuration/Ice              2
   c - Ozocubu's Armour               Charms/Ice                   3
   d - Throw Icicle                   Conjuration/Ice              4
   e - Summon Ice Beast               Ice/Summoning                4
Comestibles
 c - 2 bread rations
 d - 2 beef jerkies
 m - 3 fruits
 r - a meat ration


   Skills:
 + Level 0.4 Fighting
 + Level 2.2 Dodging
 + Level 2.0 Stealth
 * Level 3.8 Spellcasting
 + Level 1.0 Conjurations
 + Level 3.5 Ice Magic


You had 8 spell levels left.
You knew the following spells:

 Your Spells              Type           Power        Failure   Level  Hunger
a - Freeze                Ice            ###.         3%          1    None
b - Throw Frost           Conj/Ice       ##....       12%         2    ##.....


Dungeon Overview and Level Annotations

Branches:
Dungeon (4/15)
 Temple: D:4-7

Altars:
Ashenzari
Cheibriados
Dithmenos
Hepliaklqana
Uskayaw
Xom
The Shining One


Innate Abilities, Weirdness & Mutations

You are partially covered in icy blue scales. (AC +2)
Your flesh is heat resistant. (rF+)


Message History

You freeze the hound.
The hound is moderately wounded.
The hound bites you but does no damage. The hound bites you.
* * * LOW HITPOINT WARNING * * *
Okay, then.
Evoke which item? (* to show all) (? for menu, Esc to quit)
Zapping:
s - a wand of teleportation (will waste charges)
Press: ? - help, Shift-Dir - straight line, f - you, p - hound You feel strangely unstable.
Evoking this partially-identified wand wasted a few charges.
The hound closely misses you. The hound closely misses you.
The hound bites you.
* * * LOW HITPOINT WARNING * * *
Your surroundings suddenly seem different.
An orc priest comes into view. It is wielding a club.
The orc priest shouts!
The orc priest mumbles some strange prayers to Beogh against you.
Beogh smites you!
You die...

...#...........
#..###.#.####...###
#...........(......
#.####.#.##########
#.#....#.#...
#.#.####.#.#.#
#.#..........#
#.#......#.###
#.@..o...#.#
#....#.#.#.#####
##.#...o........
#.#.#.#.#.#####
#.#.#.#.#.#####
#.#.#.........#
#.#.#...#.###.#
#.#.....#.#
#.....#.###.


You could see an orc priest and an orc wizard (wandering).

Vanquished Creatures
  A worker ant (D:3)
  6 adders
  An ooze (D:1)
  A worm (D:3)
  3 dart slugs
  2 leopard geckos
  4 giant cockroaches
  6 goblins
  3 hobgoblins
  6 jackals
  A quokka (D:2)
  A ball python (D:1)
  9 bats
  2 frilled lizards
  5 kobolds
  4 rats
55 creatures vanquished.

Notes
Turn   | Place    | Note
-------+----------+-------------------------------------------
     0 | D:1      | tricornhat the Demonspawn Ice Elementalist began the quest for the Orb.
     0 | D:1      | Reached XP level 1. HP: 13/13 MP: 3/3
   625 | D:1      | Gained mutation: Your flesh is heat resistant. (rF+) [demonic ancestry]
   625 | D:1      | Reached XP level 2. HP: 4/19 MP: 0/5
  1258 | D:2      | Found a hazy altar of Hepliaklqana.
  1311 | D:2      | Reached XP level 3. HP: 10/25 MP: 0/6
  1719 | D:2      | Found a glowing golden altar of the Shining One.
  1726 | D:2      | Found a shattered altar of Ashenzari.
  1727 | D:2      | Found a shimmering altar of Xom.
  1728 | D:2      | Found a hide-covered altar of Uskayaw.
  1814 | D:2      | Found a shadowy altar of Dithmenos.
  1817 | D:2      | Found a snail-covered altar of Cheibriados.
  2215 | D:2      | Gained mutation: You are partially covered in icy blue scales. (AC +2) [demonic ancestry]
  2215 | D:2      | Reached XP level 4. HP: 28/31 MP: 3/8
  2533 | D:3      | Learned a level 2 spell: Throw Frost
  3467 | D:3      | Reached XP level 5. HP: 23/36 MP: 5/10
  3723 | D:4      | Noticed an ogre
  3804 | D:4      | Killed from afar by an orc priest

Skill      XL: |  1  2  3  4 |
---------------+-------------+-----
Ice Magic      | 3 |  3.5
Dodging        | 2 |  2.2
Spellcasting   | 3 |  3.8
Stealth        | 2 |  2.0
Fighting       | |  0.4
Conjurations   | |  1.0

Action                   |  1- 3 |  4- 6 || total
-------------------------+-------+-------++-------
Melee: Unarmed           |     9 |       ||     9
       Dagger            |       |     3 ||     3
 Cast: Freeze            |    62 |    50 ||   112
Evoke: Wand              |       |     3 ||     3
  Use: Scroll            |     4 |     1 ||     5
 Stab: Sleeping          |     1 |     1 ||     2
  Eat: Chunk             |     5 |     3 ||     8
Armor: Robe              |    22 |    14 ||    36
Dodge: Dodged            |    45 |    24 ||    69
